 Dungeon Crawl Stone Soup version 0.28.0-47-ge53b351184 (webtiles) character file.

Game seed: 1058426128797224689

3105 CryoSword the Geomancer (level 9, -9/78 HPs)
             Began as a Gargoyle Earth Elementalist on May 7, 2022.
             Was an Elder of Zin.
             Mangled by a vampire
             ... wielding a +2 vampiric halberd
              (17 damage)
             ... in a bailey.
             The game lasted 00:14:15 (10392 turns).

CryoSword the Geomancer (GrEE)                     Turns: 10392, Time: 00:14:16

Health: -9/78      AC: 13    Str: 11    XL:     9   Next: 90%
Magic:  3/13       EV: 12    Int: 21    God:    Zin [****..]
Gold:   228        SH:  6    Dex: 16    Spells: 8/14 levels left

rFire   . . .      SeeInvis .   d - +0 whip
rCold   . . .      Faith    .   v - +0 buckler
rNeg    + . .      Spirit   .   G - +0 robe {Will+}
rPois   ∞          Reflect  .   g - +0 helmet
rElec   +          Harm     .   j - +1 cloak
rCorr   .          Rampage  .   (no gloves)
Will    +....                   q - +1 pair of boots
Stlth   ..........              F - amulet of the acrobat
HPRegen 0.23/turn               o - +6 ring of dexterity
MPRegen 0.13/turn               (no ring)

@: berserking (expiring), very quick
A: sickness immunity, AC +6, negative energy resistance 1, electricity
resistance, torment resistance 1, petrification resistance
a: Renounce Religion, Recite, Vitalisation, Imprison, Donate Gold


You were in a bailey.
You worshipped Zin.
Zin was greatly pleased with you.
You visited 2 branches of the dungeon, and saw 8 of its levels.
You also visited: Sewer and Bailey.

You collected 347 gold pieces.
You spent 85 gold pieces at shops.
You donated 34 gold pieces to Zin.

Inventory:

Hand Weapons
 d - a +0 whip (weapon)
   (You found it on level 1 of the Dungeon)
Missiles
 b - 4 boomerangs
 c - 14 stones
 e - 4 boomerangs of dispersal {!f}
 w - 6 poisoned darts
Armour
 g - a +0 helmet (worn)
   (You found it on level 2 of the Dungeon)
 j - a +1 cloak (worn)
   (You found it on level 2 of the Dungeon)
 q - a +1 pair of boots (worn)
   (You found it on level 3 of the Dungeon)
 v - a +0 buckler (worn)
   (You bought it in a shop on level 4 of the Dungeon)
 G - a +0 robe of willpower (worn)
   (You took it off Blork the orc on level 6 of the Dungeon)
Jewellery
 o - a +6 ring of dexterity (left hand)
   (You found it on level 3 of the Dungeon)
 F - an amulet of the acrobat (around neck)
   (You found it on level 6 of the Dungeon)
Wands
 s - a wand of digging (1)
   (You found it on level 3 of the Dungeon)
 C - a wand of iceblast (3) (quivered)
   (You found it in a sewer)
Scrolls
 a - a scroll of blinking {unknown}
 f - 3 scrolls of teleportation {@r4}
 l - 2 scrolls of magic mapping {unknown}
 n - a scroll of enchant weapon {unknown}
 r - a scroll of amnesia {unknown}
 u - a scroll of brand weapon {unknown}
 A - 2 scrolls of noise {unknown}
 D - a scroll of torment {unknown}
Potions
 h - a potion of lignification {unknown}
 i - 4 potions of curing {@q1}
 k - a potion of resistance {unknown}
 m - a potion of ambrosia {unknown}
 p - 2 potions of might {unknown}
 t - a potion of mutation {unknown}
 E - a potion of cancellation {unknown}
 H - a potion of magic {unknown}
Miscellaneous
 y - a box of beasts
   (You found it in a bailey)
 B - a tin of tremorstones (2/2)
   (You found it in a sewer)


   Skills:
 + Level 4.7 Fighting
 + Level 4.2 Maces & Flails
 - Level 2.0 Dodging
 - Level 5.0 Stealth
 * Level 5.5 Shields
 + Level 3.3 Spellcasting
 * Level 6.6 Conjurations
 - Level 0.7 Transmutations
 * Level 8.4 Earth Magic
 + Level 3.1 Invocations


You had 8 spell levels left.
You knew the following spells:

 Your Spells              Type           Power      Damage    Failure   Level
a - Sandblast             Erth           76%        2d16      1%          1
b - Stone Arrow           Conj/Erth      70%        3d11      2%          3
P - Passwall              Tmut/Erth      18%        N/A       3%          2

Your spell library contained the following spells:

 Spells                   Type           Power      Damage    Failure   Level
 Sting                    Tmut/Pois      16%        1d3       14%         1
 Wereblood                Tmut           6%         N/A       19%         2
 Poisonous Vapours        Pois/Air       6%         N/A       26%         2
 Petrify                  Tmut/Erth      22%        N/A       26%         4
 Animate Armour           Summ/Erth      42%        N/A       28%         4
 Gell's Gravitas          Tloc           3%         N/A       45%         3
 Teleport Other           Tloc           3%         N/A       45%         3
 Olgreb's Toxic Radiance  Pois           3%         N/A       86%         4
 Dispersal                Tloc           1%         N/A       100%        6
 Summon Hydra             Summ           1%         N/A       100%        7
 Lehudib's Crystal Spear  Conj/Erth      17%        10d5      100%        8
 Sublimation of Blood     Necr           Unusable   N/A       N/A         2

Dungeon Overview and Level Annotations

Branches:
Dungeon (7/15)             Temple (1/1) D:5           Sewer (visited)
 Bailey (1/1)

Altars:
Ashenzari
Dithmenos
Elyvilon
Fedhas
Gozag
Hepliaklqana
Kikubaaqudgha
Makhleb
Nemelex Xobeh
Qazlal
Sif Muna
Trog
Uskayaw
Vehumet
Wu Jian
Xom
Zin

Shops:
D:4 [


Innate Abilities, Weirdness & Mutations

You are immune to sickness and miasma.
Your stone body is resilient. (AC +6)
You are immune to poison.
You resist negative energy. (rN+)
You are resistant to electric shocks. (rElec)
You are resistant to unholy torment.
You are immune to petrification.


Message History

The stone arrow hits the orc warrior zombie!!
You destroy the orc warrior zombie!
Zin accepts your kill. You block the orc zombie's attack.
You hit the orc zombie.
The orc zombie hits you but does no damage.
You hit the orc zombie.
The orc zombie hits you but does no damage.
You completely miss the orc zombie.
You hit the orc zombie but do no damage.
The orc zombie hits you but does no damage.
You hit the orc zombie.
You destroy the orc zombie!
Zin accepts your kill.
No target in view!
Items here: )))).
A gargoyle comes into view. It is wielding a +0 flail.
A gargoyle is nearby!
A gargoyle is nearby!
Items here: )))).
Aim: a gargoyle, wielding a +0 flail (88% to hit)
The stone arrow hits the gargoyle.
The gargoyle hurls a stone arrow at you.
The stone arrow misses you.
Aim: a gargoyle, wielding a +0 flail (lightly damaged, 88% to hit)
The stone arrow hits the gargoyle!
Aim: a gargoyle, wielding a +0 flail (heavily damaged, 88% to hit)
The stone arrow hits the gargoyle!
The gargoyle hurls a stone arrow at you.
The stone arrow hits you!
Aim: a gargoyle, wielding a +0 flail (severely damaged, 88% to hit)
The stone arrow hits the gargoyle!
You destroy the gargoyle!
Your Maces & Flails skill increases to level 4!
Your Invocations skill increases to level 3!
Items here: )))).
Could not explore, unopened door.
Could not explore, unopened door.
You open the large door.
A vampire comes into view. It is wielding a +1 vampiric glaive.
A vampire comes into view. It is wielding a +2 vampiric halberd.
Found a potion of heal wounds.
There is a large open door here.
You close the large door.
You see here a +0 flail.
Items here: )))).
There is a large open door here.
Could not explore, unopened door.
You open the door.
An orc warrior zombie comes into view. It is wielding a +0 halberd.
Found a bubbling amethyst potion and a silvery potion.
An orc warrior zombie is nearby!
An orc warrior zombie is nearby!
There is an open door here.
Aim: an orc warrior zombie, wielding a +0 halberd (dormant, 100% to hit)
The stone arrow hits the orc warrior zombie!
Aim: an orc warrior zombie, wielding a +0 halberd (heavily damaged, 81% to hit)
The stone arrow hits the orc warrior zombie!
The orc warrior zombie hits you from afar with a +0 halberd.
Aim: an orc warrior zombie, wielding a +0 halberd (severely damaged, 81% to hit)
The stone arrow hits the orc warrior zombie!
You destroy the orc warrior zombie!
Zin accepts your kill.
You see here a +0 halberd.
p - 2 bubbling amethyst potions (gained 1)
H - a silvery potion You see here a +0 halberd.
There is an open door here.
There is a large open door here.
Partly explored, can't reach some items and places.
Partly explored, can't reach some items and places.
Partly explored, can't reach some items and places.
Items here: )))).
Could not explore, unopened door.
You open the large door.
You see here a +0 flail.
Zin grants you divine stamina.
The vampire hits you from afar with a +1 vampiric glaive!
Activating: Recite (1% risk of failure)
You clear your throat and prepare to recite. "Yea, I say unto thee, bring forth..."
The vampire is blasted by the fury of Zin!
The vampire hits you from afar with a +1 vampiric glaive!
Aim: a vampire, wielding a +1 vampiric glaive and wearing a +0 scale mail (moderately damaged, 77% to hit)
The stone arrow hits the vampire! "...the agents of filth that they may know..."
The vampire hits you from afar with a +1 vampiric glaive!
Aim: a vampire, wielding a +1 vampiric glaive and wearing a +0 scale mail (severely damaged, 77% to hit)
The stone arrow hits the vampire! "...the wrath of Zin, and thus be struck down!"
You finish reciting Ablutions 10:11.
The vampire points at you and mumbles some strange words.
Your divine stamina protects you from confusion!
Aim: a vampire, wielding a +1 vampiric glaive and wearing a +0 scale mail (almost destroyed, 77% to hit)
The stone arrow misses the vampire.
The vampire hits you but does no damage.
Aim: a vampire, wielding a +1 vampiric glaive and wearing a +0 scale mail (almost destroyed, 85% to hit)
The blast of sand hits the vampire but does no damage.
c - 16 stones You block the vampire's attack.
Aim: a vampire, wielding a +1 vampiric glaive and wearing a +0 scale mail (almost destroyed, 85% to hit)
The blast of sand hits the vampire but does no damage.
c - 15 stones The vampire hits you from afar with a +1 vampiric glaive!
* * * LOW HITPOINT WARNING * * *
Aim: a vampire, wielding a +1 vampiric glaive and wearing a +0 scale mail (almost destroyed)
The mass of ice explodes!
The iceblast engulfs the vampire.
The vampire partially resists.
The vampire closely misses you.
Aim: a vampire, wielding a +1 vampiric glaive and wearing a +0 scale mail (almost destroyed)
The mass of ice explodes!
The iceblast engulfs the vampire.
The vampire partially resists.
You destroy the vampire!
Zin accepts your kill.
You start resting.
You are ready to recite again.
You start resting.
A vampire is nearby!
The vampire casts a spell.
The vampire flickers and vanishes!
Deactivating autopickup; reactivate with Ctrl-A.
Okay, then.
Your divine stamina fades away.
You hear some strange, mumbled words.
Something tries to affect you, but you resist.
The blast of sand hits something.
c - 14 stones Something hits you.
* * * LOW HITPOINT WARNING * * *
Something hits you.
* * * LOW HITPOINT WARNING * * *
You feel much better. Something hits you!
A red film seems to cover your vision as you go berserk!
You feel yourself moving faster!
You feel mighty! Something barely misses you.
You feel a strong urge to attack something.
You barely miss something. Something hits you!
* * * LOW HITPOINT WARNING * * *
Something bites you.
* * * LOW HITPOINT WARNING * * *
You barely miss something. You closely miss something. Something hits you!
* * * LOW HITPOINT WARNING * * *
Something bites you!
* * * LOW HITPOINT WARNING * * *
You barely miss something. Something hits you!
* * * LOW HITPOINT WARNING * * *
Something bites you but does no damage.
You barely miss something. You hit something. Something hits you!
You die...

#...#..########'#.....
♣♣♣#####..#.............≈
♣≈≈≈≈≈≈#..#≈≈≈≈≈≈≈≈≈≈≈≈≈≈
♣≈≈≈≈≈≈#..#≈≈≈≈≈≈≈≈≈≈≈≈≈♣
#....#..#....#♣♣♣♣♣♣♣♣♣
##..........##
###......### #...{....#
#..∩@.∩..# ##......##
########


There were no monsters in sight!

Vanquished Creatures
  A gargoyle (Bailey)
  A vampire (Bailey)
  An ice beast (D:5)
  Pargi (Sewer)
  3 sky beasts
  2 necrophages (D:5)
  An ogre (D:6)
  A centaur (D:6)
  A bullfrog (D:4)
  Blork the orc (D:6)
  2 scorpions (D:6)
  A water moccasin skeleton (D:6)
  9 killer bees
  A wolf zombie (Bailey)
  A howler monkey (D:5)
  8 vampire bats (Bailey)
  A centaur zombie (D:6)
  5 hounds
  A bullfrog skeleton (D:6)
  A centaur skeleton (D:6)
  2 gnoll shamans
  Natasha (thrice) (D:3)
  3 orc wizards
  7 gnolls
  4 adders
  2 ufetubi
  An adder skeleton (D:4)
  6 worms
  2 dart slugs (D:3)
  14 orcs
  15 bats
  9 endoplasms
  3 giant cockroaches
  8 goblins
  7 hobgoblins
  2 jackals (D:4)
  8 kobolds
  2 quokkas
  10 ball pythons
  4 frilled lizards
  18 orc zombies (Bailey)
  7 rats
180 creatures vanquished.

Vanquished Creatures (others)
  18 plants (D:5)
18 creatures vanquished.

Grand Total: 198 creatures vanquished

Notes
Turn   | Place    | Note
-------+----------+-------------------------------------------
     0 | D:1      | CryoSword the Gargoyle Earth Elementalist began the quest
                  | for the Orb.
     0 | D:1      | Reached XP level 1. HP: 10/10 MP: 3/3
   242 | D:1      | Reached XP level 2. HP: 16/16 MP: 5/5
   473 | D:1      | Reached skill level 1 in Conjurations
   765 | D:1      | Reached skill level 1 in Fighting
   928 | D:1      | Reached XP level 3. HP: 20/20 MP: 4/6
   931 | D:1      | Learned a level 2 spell: Passwall
   935 | D:1      | Learned a level 3 spell: Stone Arrow
  1308 | D:2      | Reached skill level 4 in Earth Magic
  1650 | D:2      | Reached XP level 4. HP: 18/25 MP: 5/7
  2366 | D:3      | Reached skill level 1 in Maces & Flails
  3003 | D:3      | Noticed Natasha
  3011 | D:3      | Killed Natasha
  3012 | D:3      | Reached XP level 5. HP: 30/30 MP: 4/8
  3151 | D:3      | Found an opulent altar of Gozag.
  3180 | D:3      | Found a glowing silver altar of Zin.
  3313 | D:3      | Became a worshipper of Zin the Law-Giver
  3423 | D:3      | Noticed Natasha
  3433 | D:3      | Killed Natasha
  3681 | D:3      | Found an opulent altar of Gozag.
  3810 | D:3      | Noticed Natasha
  3815 | D:3      | Killed Natasha
  4050 | D:3      | Found a glowing silver altar of Zin.
  4298 | D:4      | Reached skill level 5 in Earth Magic
  4298 | D:4      | Reached XP level 6. HP: 35/35 MP: 5/9
  4534 | D:4      | Reached * piety under Zin
  4695 | D:4      | Found Ymaosuu's Antique Armour Shop.
  4698 | D:4      | Bought a buckler for 85 gold pieces
  5686 | D:5      | Entered Level 5 of the Dungeon
  5704 | D:5      | Reached XP level 7. HP: 27/40 MP: 7/10
  5756 | D:5      | Reached skill level 1 in Shields
  5903 | D:5      | Found a hazy altar of Hepliaklqana.
  6034 | D:5      | Found a glowing drain.
  6043 | Sewer    | Entered a sewer
  6089 | Sewer    | Noticed Pargi
  6097 | Sewer    | Killed Pargi
  6098 | Sewer    | Reached skill level 6 in Earth Magic
  6119 | Sewer    | Reached ** piety under Zin
  6430 | D:5      | Reached XP level 8. HP: 46/46 MP: 9/11
  6791 | D:5      | Found an ancient bone altar of Kikubaaqudgha.
  6969 | D:5      | Found a staircase to the Ecumenical Temple.
  6978 | Temple   | Entered the Ecumenical Temple
  7236 | D:5      | Found a shimmering blue altar of Sif Muna.
  7887 | D:6      | Reached skill level 5 in Conjurations
  7887 | D:6      | Reached skill level 1 in Invocations
  8041 | D:6      | Reached skill level 7 in Earth Magic
  8113 | D:6      | Reached XP level 9. HP: 19/52 MP: 1/12
  8342 | D:6      | Reached *** piety under Zin
  8347 | D:6      | Found a shadowy altar of Dithmenos.
  8431 | D:6      | Reached skill level 5 in Stealth
  8651 | D:6      | Noticed Blork the orc
  8668 | D:6      | Killed Blork the orc
  8772 | D:6      | Found a broken altar of Ashenzari.
  9032 | D:7      | Found a flagged portal.
  9072 | Bailey   | Entered a bailey
  9310 | Bailey   | Reached **** piety under Zin
  9480 | Bailey   | Reached skill level 5 in Shields
  9507 | Bailey   | Reached skill level 8 in Earth Magic
 10017 | Bailey   | Noticed a gargoyle
 10030 | Bailey   | Killed a gargoyle
 10392 | Bailey   | Mangled by a vampire

Illustrated notes

Levels and vault maps discovered:
D:1:      minmay_arrival_stone_box, layout_loops_ring, serial_forest,
          infiniplex_forest_straight_2, infiniplex_forest_end_double,
          infiniplex_forest_clump_diagonal, infiniplex_forest_clump_double,
          infiniplex_forest_pool, infiniplex_forest_side_room,
          minmay_misc_feat_chi, minmay_misc_feat_ornament, minmay_pentomino_w4
D:2:      layout_loops_ring, minmay_misc_feat_enclosed, hangedman_glass_teeth,
          minmay_misc_feat_rows, corexii_item_surrounded_by_moat
D:3:      layout_loops_ring, pdpol_temple_overflow_zin_treasury_gozag_greed,
          grunt_decor_one_mirror, uniq_natasha
D:4:      layout_layer_cave, serial_shops, kennysheep_mini, grunt_ministairs_12,
          minivault_19
D:5:      layout_basic, kennysheep_mini_moat, lemuel_blue_sif_altar,
          nicolae_hepliaklqana_hazy_memory, minmay_temple_entry_poolview,
          cheibrodos_sewer_entry_sluice, minmay_misc_feat_roman
D:6:      layout_rooms, marbit_many_paths, grunt_dithmenos_smoke_and_mirrors,
          minmay_crossroads, uniq_blork_the_orc
D:7:      wander_river, layout_cave_pools, yredelemnul_altar_generic,
          enter_bailey_8, hellmonk_guarded_unrand_vines
Temple:   dpeg_chambers_temple
Bailey:   bailey_polearm_vampire_castle_hellmonk, bailey

Skill      XL: |  1  2  3  4  5  6  7  8  9 |
---------------+----------------------------+-----
Conjurations   | 1 2 3 4 5 6 |  6.6
Fighting       | 1 2 3 4 |  4.7
Earth Magic    | 4 5 6 7 8 |  8.4
Dodging        | 2 |  2.0
Stealth        | 3 4 5 |  5.0
Maces & Flails | 1 2 3 4 |  4.2
Shields        | 2 4 5 |  5.5
Invocations    | 1 3 |  3.1
Spellcasting   | 3 |  3.3
Transmutations | |  0.7

Action                   |  1- 3 |  4- 6 |  7- 9 || total
-------------------------+-------+-------+-------++-------
Melee: Dagger            |    13 |       |       ||    13
       Whip              |    40 |   197 |   320 ||   557
       Punch             |       |     1 |       ||     1
Throw: Dart              |       |       |    12 ||    12
 Cast: Sandblast         |    37 |    49 |    50 ||   136
       Stone Arrow       |       |       |    70 ||    70
Invok: Recite            |       |       |     2 ||     2
       Vitalisation      |       |       |     2 ||     2
Evoke: Wand              |       |       |     2 ||     2
  Use: Scroll            |     4 |     1 |     2 ||     7
       Potion            |       |       |     2 ||     2
 Stab: Sleeping          |     4 |     8 |     5 ||    17
       Confused          |       |       |     2 ||     2
Armor: Robe              |    27 |    91 |   125 ||   243
       Leather armour    |       |       |   114 ||   114
Dodge: Dodged            |    65 |    95 |   304 ||   464
Block: Buckler           |       |    16 |   137 ||   153
